 Dungeon Crawl Stone Soup version 0.22.1-2-g9c5b331 (webtiles) character file.

174 infcreate the Slasher (level 5, -6/42 HPs)
             Began as a Human Berserker on Jan 3, 2019.
             Was a Believer of Trog.
             Mangled by an ogre
             ... wielding a +0 giant spiked club
              (29 damage)
             ... on level 4 of the Dungeon.
             The game lasted 00:14:23 (2754 turns).

infcreate the Slasher (Human Berserker)             Turns: 2754, Time: 00:14:23

Health: -6/42      AC: 12    Str: 19    XL:     5   Next: 84%
Magic:  5/5        EV:  8    Int:  7    God:    Trog [**....]
Gold:   98         SH:  0    Dex: 12    Spells: 4/4 levels left

rFire    . . .     SeeInvis .   n - +1 great sword
rCold    . . .     Gourm    .   (shield currently unavailable)
rNeg     . . .     Faith    .   b - +0 chain mail
rPois    .         Spirit   .   (no helmet)
rElec    .         Reflect  .   r - +0 cloak
rCorr    .         Harm     .   s - +0 pair of gloves
MR       .....                  h - +0 pair of boots
Stlth    ..........             (no amulet)
HPRegen  0.14/turn              (no ring)
MPRegen  0.09/turn              (no ring)

@: no status effects
A: no striking features
a: Berserk, Trog's Hand, Renounce Religion


You were on level 4 of the Dungeon.
You worshipped Trog.
Trog was pleased with you.
You were very hungry.

You visited 1 branch of the dungeon, and saw 4 of its levels.

You collected 98 gold pieces.

Inventory:

Hand Weapons
 n - a +1 great sword (weapon)
Armour
 a - a scarf of resistance
 b - a +0 chain mail (worn)
 h - a +0 pair of boots (worn)
 r - a +0 cloak (worn)
 s - a +0 pair of gloves (worn)
Scrolls
 d - 2 scrolls of enchant weapon
 e - 2 scrolls of teleportation
 f - 6 scrolls of identify
 j - a scroll of fog {unknown}
 m - 3 scrolls of remove curse {unknown}
 o - a scroll of magic mapping {unknown}
 q - a scroll of amnesia {unknown}
Potions
 g - 2 potions of agility
 i - a potion of flight
 k - 2 potions of heal wounds
 l - a potion of magic {unknown}
 p - 2 potions of mutation {unknown}
Comestibles
 c - 7 rations


   Skills:
 + Level 3.8 Fighting
 + Level 5.0 Long Blades
 + Level 2.8 Armour
 + Level 2.2 Dodging


You had 4 spell levels left.
You didn't know any spells.
Your spell library was empty.

Dungeon Overview and Level Annotations

Branches:
Dungeon (4/15)
 Temple: D:4-7

Altars:
Ashenzari
Hepliaklqana
Makhleb
Wu Jian

Shops:
D:4 ?*


Message History

The worker ant bites you but does no damage. x2
Your chain mail prevents you from hitting the worker ant.
The worker ant barely misses you.
Your chain mail prevents you from hitting the worker ant.
The worker ant bites you but does no damage. x2
You slice the worker ant!!
You kill the worker ant!
Trog accepts your kill.
Your Long Blades skill increases to level 5!
The ogre barely misses you.
You closely miss the ogre.
The ogre hits you with a giant spiked club!
You slash the ogre!
The ogre is severely wounded.
The ogre hits you with a giant spiked club.
You hit the ogre.
The ogre is severely wounded.
The ogre hits you with a giant spiked club!!
Ouch! That really hurt!
You die...

#... #... #...
#...### #...
+...... #...
.....# ####...
....# #..'...
... ##.#... #O#
#.#### #@# #.#
#.# #.# #.# #.#
#.# #.# #.# #.#
#.# #.# ##
#.###########.#
#.
#.............#
#.
###############
#.


You could see an ogre.

Vanquished Creatures
  Jessica (D:2)
  2 worker ants (D:4)
  3 adders (D:2)
  An ooze (D:4)
  A worm (D:3)
  2 dart slugs (D:1)
  A leopard gecko (D:4)
  6 bats
  3 giant cockroaches
  9 hobgoblins
  6 jackals
  5 kobolds
  A quokka (D:3)
  2 frilled lizards
  5 goblins
  10 rats
58 creatures vanquished.

Notes
Turn   | Place    | Note
-------+----------+-------------------------------------------
     0 | D:1      | infcreate the Human Berserker began the quest for the Orb.
     0 | D:1      | Reached XP level 1. HP: 18/18 MP: 1/1
   127 | D:1      | Reached XP level 2. HP: 18/24 MP: 2/2
   161 | D:1      | Found a shattered altar of Ashenzari.
   301 | D:1      | Reached XP level 3. HP: 16/29 MP: 3/3
  1083 | D:2      | Reached ** piety under Trog
  1190 | D:2      | Reached skill level 4 in Long Blades
  1190 | D:2      | Reached XP level 4. HP: 29/35 MP: 4/4
  1555 | D:2      | Found a burning altar of Makhleb.
  1700 | D:2      | Noticed Jessica
  1705 | D:2      | Killed Jessica
  1705 | D:2      | Reached XP level 5. HP: 41/41 MP: 5/5
  2416 | D:4      | Found Keteppu's Magic Scroll Boutique.
  2514 | D:4      | Found Sebyejoig's Assorted Antiques.
  2572 | D:4      | Found a hazy altar of Hepliaklqana.
  2572 | D:4      | Found an ornate altar of the Wu Jian Council.
  2747 | D:4      | Noticed an ogre
  2751 | D:4      | Reached skill level 5 in Long Blades
  2754 | D:4      | Mangled by an ogre

Skill      XL: |  1  2  3  4  5 |
---------------+----------------+-----
Long Blades    | 4 5 |  5.0
Fighting       | |  3.8
Armour         | |  2.8
Dodging        | |  2.2

Action                   |  1- 3 |  4- 6 || total
-------------------------+-------+-------++-------
Melee: Falchion          |   117 |    49 ||   166
       Great sword       |       |    38 ||    38
  Use: Scroll            |       |     4 ||     4
  Eat: Chunk             |     1 |     4 ||     5
Armor: Animal skin       |     4 |       ||     4
       Leather armour    |     2 |       ||     2
       Chain mail        |    58 |    49 ||   107
Dodge: Dodged            |    64 |    46 ||   110
       Rpst.: Falchion   |    23 |     5 ||    28
       Great sword       |       |     5 ||     5
